 Dungeon Crawl Stone Soup version 0.29-a0-1009-g60c99734e7 (webtiles) character file.

Game seed: 16577658034754246867

2926 purpskrrrp the Covert (level 9, -5/61 HPs)
             Began as an Octopode Monk on Aug 9, 2022.
             Was a Priest of Qazlal.
             Slain by an orc warrior
             ... wielding a +0 morningstar
              (8 damage)
             ... on level 8 of the Dungeon.
             The game lasted 00:13:55 (9251 turns).

purpskrrrp the Covert (Octopode Monk)               Turns: 9251, Time: 00:13:58

Health: -5/61      AC:  1    Str: 11    XL:     9   Next: 79%
Magic:  9/9        EV: 17    Int: 12    God:    Qazlal [***...]
Gold:   519        SH:  9    Dex: 24    Spells: 8/8 levels left

rFire   + + .      SeeInvis .   c - +3 dagger (venom)
rCold   x x .      Faith    .   (no shield)
rNeg    . . .      Spirit   .   (helmet restricted)
rPois   .          Reflect  +   m - amulet of reflection
rElec   .          Harm     .   g - ring of fire
rCorr   .          Rampage  .   x - ring of fire
Will    .....                   y - +6 ring of dexterity
Stlth   ++++......              (no ring)
HPRegen 0.20/turn               (no ring)
MPRegen 0.11/turn               (no ring)
                                (no ring)
                                (no ring)

@: no status effects
A: almost no armour, amphibious, 8 rings, camouflage 1, gelatinous body 1,
(nimble swimmer 1), tentacles
a: Renounce Religion, Upheaval, Elemental Force


You were on level 8 of the Dungeon.
You worshipped Qazlal.
Qazlal was most pleased with you.
You visited 1 branch of the dungeon, and saw 8 of its levels.

You collected 519 gold pieces.

Inventory:

Hand Weapons
 c - a +3 dagger of venom (weapon)
Missiles
 b - a throwing net (quivered)
Jewellery
 g - a ring of fire (left tentacle)
 m - an amulet of reflection (around mantle)
 x - a ring of fire (right tentacle)
 y - a +6 ring of dexterity (on tentacle)
Wands
 j - a wand of digging (6)
 C - a wand of roots (9)
 G - a wand of mindburst (9)
Scrolls
 k - 5 scrolls of teleportation {unknown}
 r - a scroll of brand weapon {unknown}
 s - 2 scrolls of torment {unknown}
 t - 4 scrolls of identify
 v - 2 scrolls of amnesia
 w - a scroll of summoning {unknown}
 A - a scroll of vulnerability {unknown}
 D - a scroll of enchant armour
 E - a scroll of fear {unknown}
Potions
 a - a potion of ambrosia
 d - 3 potions of curing
 e - 2 potions of invisibility {unknown}
 f - 3 potions of might
 h - 4 potions of flight {unknown}
 i - 2 potions of heal wounds {unknown}
 l - 3 potions of brilliance {unknown}
 n - 2 potions of cancellation {unknown}
 o - a potion of degeneration {unknown}
 p - a potion of mutation {unknown}
 q - 2 potions of haste {unknown}
 u - a potion of attraction {unknown}
 z - 2 potions of lignification {unknown}
 B - a potion of magic {unknown}
 F - a potion of resistance {unknown}


   Skills:
 + Level 5.2 Fighting
 * Level 8.5 Short Blades
 + Level 5.3 Dodging
 * Level 9.8 Stealth
 + Level 3.8 Shields
 + Level 3.5 Unarmed Combat


You had 8 spell levels left.
You didn't know any spells.
Your spell library contained the following spells:

 Spells                   Type           Power      Damage    Failure   Level
 Shock                    Conj/Air       0%         1d3       32%         1
 Dazzling Flash           Conj/Hex       0%         N/A       69%         3
 Swiftness                Air            0%         N/A       69%         3
 Airstrike                Air            0%         2d(0-16)  97%         4
 Iskenderun's Mystic Bla  Conj/Tloc      0%         2d3       97%         4
 Starburst                Conj/Fire      0%         6d3       100%        6


Dungeon Overview and Level Annotations

Branches:
Dungeon (8/15)             Temple (0/1) D:4
   Lair: D:8-11

Altars:
Dithmenos
Kikubaaqudgha
Okawaru
Qazlal
Sif Muna
Trog
Uskayaw
Xom
Zin

Shops:
D:6 *


Innate Abilities, Weirdness & Mutations

You cannot wear most types of armour.
You are amphibious.
You can wear up to eight rings at the same time.
Your skin changes colour to match your surroundings (Stealth+).
Your rubbery body absorbs attacks. (AC +1, EV +1)
((You are camouflaged when in or above water. (Stealth+)))
You have tentacles for arms and can constrict up to eight enemies at once.


Message History

The orc completely misses you.
The orc warrior drinks a potion.
The orc warrior goes berserk!
You hit the orc.
You kill the orc!
Qazlal accepts your kill. You block the orc warrior's attack.
Items here: $ ) [ †.
You hit the orc warrior.
The orc warrior is poisoned.
Your grab misses the orc warrior. You squeeze the orc warrior.
The orc warrior is lightly wounded.
The orc warrior hits you with a +0 morningstar!
You are too injured to fight recklessly!
You are too injured to fight recklessly!
You hit the orc warrior but do no damage.
The orc warrior looks as sick as possible!
You grab the orc warrior.
The orc warrior is lightly wounded.
You constrict the orc warrior, but do no damage.
The orc warrior hits you with a +0 morningstar!!
* * * LOW HITPOINT WARNING * * *
You barely miss the orc warrior.
The orc warrior is lightly wounded.
You constrict the orc warrior, but do no damage.
The orc warrior closely misses you.
You hit the orc warrior but do no damage.
The orc warrior looks as sick as possible!
You squeeze the orc warrior.
The orc warrior is moderately wounded.
You constrict the orc warrior, but do no damage.
You hit the orc warrior but do no damage.
The orc warrior is moderately wounded.
You constrict the orc warrior, but do no damage.
You block the orc warrior's attack.
You hit the orc warrior but do no damage.
The orc warrior looks as sick as possible!
You squeeze the orc warrior, but do no damage.
The orc warrior is moderately wounded.
You constrict the orc warrior, but do no damage.
The orc warrior hits you with a +0 morningstar!
You die...

#......#....'....#
###.>.........'...##
..............'....#
.......#.....##....##
.......#.....###....##
..............##.....##
..............###.....##
......°○○..#..# ##......
##..o@.).##..# ##.....
.....##.##..#...# ##....
##.. ####.##...# ###.. .
#.# #.... ### ..# .... .
.# . .. # .. #. #.##


You could see an orc warrior (berserk, extremely poisoned).

Vanquished Creatures
  Sigmund (D:4)
  A shadow (D:8)
  A steam dragon (D:7)
  2 black bears
  4 sky beasts
  2 ice beasts (D:7)
  An ogre (D:4)
  2 centaurs
  2 kobold brigands (D:6)
  A bullfrog (D:7)
  5 necrophages
  2 scorpions
  A killer bee (D:7)
  A howler monkey (D:5)
  3 jellies
  An orc priest (D:8)
  6 hounds
  6 iguanas
  Ijyb (D:4)
  2 orc wizards
  3 gnolls (D:4)
  9 adders
  2 shadow imps (D:5)
  2 white imps
  4 worms
  3 dart slugs
  16 orcs
  7 endoplasms
  7 giant cockroaches
  5 goblins
  6 hobgoblins
  3 jackals (D:3)
  10 quokkas
  7 ball pythons
  3 bats
  3 frilled lizards
  16 kobolds
  7 rats
158 creatures vanquished.

Vanquished Creatures (others)
  A plant (D:2)
1 creature vanquished.

Grand Total: 159 creatures vanquished

Notes
Turn   | Place    | Note
-------+----------+-------------------------------------------
     0 | D:1      | purpskrrrp the Octopode Monk began the quest for the Orb.
     0 | D:1      | Reached XP level 1. HP: 16/16 MP: 1/1
   307 | D:1      | Reached XP level 2. HP: 16/21 MP: 2/2
   537 | D:1      | Reached skill level 3 in Stealth
   707 | D:1      | Reached XP level 3. HP: 26/26 MP: 3/3
  1135 | D:2      | You fall into a shaft and drop 2 floors!
  1254 | D:3      | Reached skill level 4 in Stealth
  1430 | D:2      | Reached XP level 4. HP: 27/31 MP: 4/4
  1699 | D:2      | Found a faded altar of an unknown god.
  2142 | D:3      | Reached skill level 1 in Short Blades
  2351 | D:3      | Reached skill level 5 in Stealth
  2684 | D:3      | Reached XP level 5. HP: 36/36 MP: 5/5
  2717 | D:3      | Found a shadowy altar of Dithmenos.
  2722 | D:3      | Found a shimmering blue altar of Sif Muna.
  2733 | D:3      | Found a stormy altar of Qazlal.
  2740 | D:3      | Found an ancient bone altar of Kikubaaqudgha.
  2745 | D:3      | Found a shimmering altar of Xom.
  2752 | D:3      | Found a hide-covered altar of Uskayaw.
  2758 | D:3      | Found an iron altar of Okawaru.
  2774 | D:3      | Became a worshipper of Qazlal Stormbringer
  2774 | D:3      | Reached * piety under Qazlal
  2774 | D:3      | Reached ** piety under Qazlal
  3036 | D:4      | Noticed an ogre
  3051 | D:4      | Killed an ogre
  3052 | D:4      | Reached skill level 6 in Stealth
  3052 | D:4      | Reached XP level 6. HP: 22/42 MP: 6/6
  3544 | D:4      | Reached skill level 7 in Stealth
  3544 | D:4      | Reached XP level 7. HP: 25/46 MP: 7/7
  3707 | D:4      | Reached skill level 1 in Shields
  3832 | D:4      | Noticed Ijyb
  3839 | D:4      | Killed Ijyb
  4060 | D:4      | Noticed Sigmund
  4068 | D:4      | Killed Sigmund
  4607 | D:4      | Found a staircase to the Ecumenical Temple.
  4645 | D:5      | Entered Level 5 of the Dungeon
  5042 | D:5      | Reached skill level 5 in Short Blades
  5042 | D:5      | Reached skill level 8 in Stealth
  5042 | D:5      | Reached XP level 8. HP: 54/54 MP: 8/8
  5942 | D:5      | Reached *** piety under Qazlal
  7086 | D:6      | Reached XP level 9. HP: 59/59 MP: 9/9
  7108 | D:6      | Reached skill level 9 in Stealth
  7547 | D:6      | Found a glowing silver altar of Zin.
  7560 | D:6      | Found Hasueb's General Store.
  7783 | D:7      | Reached skill level 5 in Dodging
  8044 | D:7      | Found a bloodstained altar of Trog.
  8089 | D:7      | Reached skill level 5 in Fighting
  9065 | D:8      | HP: 2/61 [something (27)]
  9247 | D:8      | HP: 2/61 [orc warrior/+0 morningstar (21)]
  9251 | D:8      | Slain by an orc warrior

Illustrated notes

Levels and vault maps discovered:
D:1:      psy_arrival_heroes, layout_basic, minmay_pentomino_v2
D:2:      layout_basic, serial_forest, infiniplex_forest_straight_2,
          infiniplex_forest_end_2, infiniplex_forest_clump_curved,
          infiniplex_forest_lined_3_way, infiniplex_forest_lined_corner,
          infiniplex_forest_lined_2, infiniplex_forest_clump_small,
          hellmonk_ecumenical_altar_run_dry, palyth_stone_intersect,
          nicolae_kite_square_tiling_tiny
D:3:      layout_loops_ring, grunt_temple_overflow_octagram, nrook_campfire
D:4:      layout_layer_cave, minmay_temple_entry_from_below_a, uniq_sigmund,
          uniq_ijyb
D:5:      layout_layer_cave, gup_sewer_entry_pipe, serial_bayou_pond_b
D:6:      layout_cave_pools, zin_academy, serial_shops, kennysheep_little_box,
          minmay_misc_feat_chi, grunt_ministairs_6
D:7:      layout_gridville, amcnicky_altar_gilded, minmay_circle_x
D:8:      layout_cave_pools, kennysheep_donut, minmay_small_thing

Skill      XL: |  1  2  3  4  5  6  7  8  9 |
---------------+----------------------------+-----
Stealth        | 3 4 5 6 7 8 9 |  9.8
Short Blades   | 1 2 3 5 6 8 |  8.5
Shields        | 1 2 3 |  3.8
Dodging        | 4 5 |  5.3
Fighting       | 4 5 |  5.2
Unarmed Combat | |  3.5

Action                   |  1- 3 |  4- 6 |  7- 9 || total
-------------------------+-------+-------+-------++-------
Melee: Unarmed           |    17 |       |       ||    17
       Constrict         |    15 |    19 |    53 ||    87
       Tentacles         |     7 |    19 |    68 ||    94
       Dagger            |    46 |    91 |   268 ||   405
       Punch             |     1 |     4 |    16 ||    21
  Use: Scroll            |       |     5 |     1 ||     6
 Stab: Sleeping          |    15 |    10 |       ||    25
Armor: Skin              |     5 |     5 |     4 ||    14
Dodge: Dodged            |    31 |    42 |    73 ||   146
Block: Other             |       |    30 |    77 ||   107
       Reflection        |       |     3 |     4 ||     7

Table legend: (Time is in decaauts)
 A = Elapsed time spent in this place.
 B = Non-inter-level travel time spent in this place.
 C = Inter-level travel time spent in this place.
 D = Time resting spent in this place.
 E = Time spent auto-exploring this place.
 F = Levels seen in this place.
 G = Mean time per level.
                   A        B        C        D        E       F      G
               +--------+--------+--------+--------+--------+-----+--------+
         Total |   9153 |   8844 |    309 |    526 |   7368 |   8 | 1144.1 |
       Dungeon |   9153 |   8844 |    309 |    526 |   7368 |   8 | 1144.1 |
               +--------+--------+--------+--------+--------+-----+--------+

Top non-repeatable levels by time:
     D:4: 1893 daAuts
     D:5: 1646 daAuts
     D:6: 1327 daAuts
     D:7: 1151 daAuts
     D:2: 1024 daAuts
     D:1: 929 daAuts
     D:3: 780 daAuts
     D:8: 401 daAuts
